 Dungeon Crawl Stone Soup version 0.31-a0-229-g1fc7ce93e2 (webtiles) character file.

Game seed: 2084164197515302556

125 qw the Shooter (level 5, -1/30 HPs)
             Began as a Gargoyle Hexslinger on July 6, 2023.
             Slain by a gnoll
             ... wielding a +0 spear
             ... led by a gnoll bouda
              (3 damage)
             ... on level 3 of the Dungeon.
             The game lasted 00:00:53 (2012 turns).

qw the Shooter (Gargoyle Hexslinger)                Turns: 2012, Time: 00:00:54

Health: -1/30      AC: 13    Str: 11    XL:     5   Next: 9%
Magic:  6/6        EV: 10    Int: 14    God:
Gold:   79         SH:  0    Dex: 14    Spells: 5/6 levels left

rFire   . . .        Y - +1 sling
rCold   . . .        (no shield)
rNeg    + . .        g - +0 ring mail
rPois   inf          (no helmet)
rElec   +            (no cloak)
rCorr   .            (no gloves)
SInv    .            (no boots)
Will    .....        h - amulet of regeneration
Stlth   +            b - +4 ring of protection
HPRegen 1.05/turn    (no ring)
MPRegen 0.10/turn

%: no passive effects
@: about to teleport
A: sickness immunity, AC +4, negative energy resistance 1, electricity
resistance, torment resistance 1, petrification resistance
a: no special abilities


You were on level 3 of the Dungeon.
You visited 1 branch of the dungeon, and saw 3 of its levels.

You collected 118 gold pieces.
You spent 39 gold pieces at shops.


Innate Abilities, Weirdness & Mutations

You are immune to sickness and miasma.
Your stone body is resilient. (AC +4)
You are immune to poison.
You resist negative energy. (rN+)
You are resistant to electric shocks. (rElec)
You are resistant to unholy torment.
You are immune to petrification.


   Skills:
 - Level 2.0 Fighting
 + Level 4.7 Ranged Weapons
 - Level 1.0 Armour
 - Level 1.5 Dodging
 - Level 1.0 Spellcasting
 - Level 2.6 Hexes


You had 5 spell levels left.
You knew the following spells:

 Your Spells              Type           Power      Damage    Failure   Level
a - Slow                  Hex            32%        N/A       21%         1

Your spell library contained the following spells:

 Spells                   Type           Power      Damage    Failure   Level
 Inner Flame              Hex/Fire       4%         N/A       71%         3
 Portal Projectile        Hex/Tloc       8%         N/A       71%         3
 Cause Fear               Hex            4%         N/A       90%         4

Inventory:

Hand Weapons
 Y - a +1 sling (weapon)
Armour
 g - a +0 ring mail (worn)
Jewellery
 b - a +4 ring of protection (left hand)
 h - an amulet of regeneration (around neck)
 k - an amulet of reflection
Scrolls
 c - a scroll of butterflies {unknown}
 m - a scroll of brand weapon {unknown}
Potions
 a - a potion of haste {unknown}
 d - a potion of lignification {unknown}
 e - a potion of cancellation {unknown}
 f - a potion of might {unknown}
 i - a potion of curing {unknown}
 l - a potion of magic {unknown}

Dungeon Overview and Level Annotations

Branches:
Dungeon (3/15)

Altars:

Shops:
D:2 *


Message History

You shoot a sling bullet.
The sling bullet hits the gnoll but does no damage.
The gnoll hits you but does no damage. The orc barely misses you.
You hear some strange, mumbled words.
A puff of flame appears from out of thin air!
The puff of flame hits you. The gnoll hits you but does no damage.
You shoot a sling bullet.
The sling bullet closely misses the gnoll.
The gnoll hits you with a +0 whip. The orc hits you but does no damage.
Something hits you but does no damage. The gnoll closely misses you.
You shoot a sling bullet. The sling bullet hits the gnoll.
The gnoll is lightly wounded.
The gnoll barely misses you. The orc hits you but does no damage.
Something hits you but does no damage.
The gnoll hits you from afar with a +0 spear.
You shoot a sling bullet.
The sling bullet completely misses the gnoll.
The gnoll hits you with a +0 whip. The orc hits you but does no damage.
The gnoll barely misses you. Something hits you but does no damage.
The gnoll hits you but does no damage. Something hits you. Something burns you.
The gnoll misses you. The orc misses you.
2010 ||| READING scroll of teleportation.
As you read the scroll of teleportation, it crumbles to dust.
You feel strangely unstable. The gnoll barely misses you.
The orc closely misses you.
You hear some strange, mumbled words.
A magic dart appears from out of thin air!
The magic dart hits you but does no damage.
The gnoll closely misses you.
You shoot a sling bullet. The sling bullet hits the gnoll.
The gnoll is moderately wounded.
The gnoll hits you but does no damage. The orc closely misses you.
Something hits you. Something burns you. The gnoll hits you but does no damage.
You shoot a sling bullet.
The sling bullet hits the gnoll but does no damage.
The gnoll is moderately wounded.
The gnoll hits you with a +0 whip. The orc hits you but does no damage.
Something hits you but does no damage.
The gnoll hits you from afar with a +0 spear.
You die... ... #.. #.% ..#### Kgo.

#go# #g{###
#o@..#
#.##.##.# #
#######.......#
.
#.....))'######
.
#.#####.#....~#
.########.#
#.#....~#
......>...#
#.#....~#
..#..##.#.# #.#
~~~~#
..#..##.#.# #.#
####+


You could see 3 gnolls, 3 orcs and a kobold.

Vanquished Creatures
  2 orc wizards (D:3)
  2 adders
  A dart slug (D:3)
  3 orcs (D:3)
  5 bats
  3 endoplasms
  2 giant cockroaches
  A goblin (D:2)
  7 hobgoblins
  4 jackals (D:2)
  4 kobolds
  3 quokkas
  5 ball pythons
  3 frilled lizards
  2 rats (D:3)
47 creatures vanquished.

Notes
Turn   | Place    | Note
-------+----------+-------------------------------------------
     0 | D:1      | qw the Gargoyle Hexslinger began the quest for the Orb.
     0 | D:1      | Reached XP level 1. HP: 12/12 MP: 2/2
     0 | D:1      | 0 ||| qw: Version: 0.3-a-46-gb1f654a
     0 | D:1      | 0 ||| qw: Game counter: 1484
     0 | D:1      | 0 ||| qw: Melee chars always use a shield: true
     0 | D:1      | 0 ||| qw: God list: Okawaru
     0 | D:1      | 0 ||| qw: Allow faded altars: false
     0 | D:1      | 0 ||| qw: Do Orc after clearing Dungeon:15 true
     0 | D:1      | 0 ||| qw: Do second Lair branch before Depths: true
     0 | D:1      | 0 ||| qw: Lair rune preference: random
     0 | D:1      | 0 ||| qw: Goals: Normal
     0 | D:1      | 0 ||| PLANNING D:1-11
   258 | D:1      | Found a faded altar of an unknown god.
   436 | D:1      | Reached XP level 2. HP: 13/16 MP: 3/3
   719 | D:1      | 719 ||| UPGRADING to amulet of regeneration.
   724 | D:1      | 724 ||| READING scroll labelled IPOETU GUJAPS.
   725 | D:1      | 725 ||| READING 2 scrolls labelled QUBODA FUGUHAF.
   726 | D:1      | 726 ||| READING scroll labelled SOFOTU EMNEI.
   731 | D:1      | 731 ||| DROPPING scroll of poison.
   732 | D:1      | 732 ||| DROPPING scroll of fear.
   790 | D:2      | Reached skill level 3 in Ranged Weapons
   801 | D:2      | Reached XP level 3. HP: 19/20 MP: 4/4
  1141 | D:2      | Found Zaradunk's General Store.
  1151 | D:2      | 1151 ||| BUYING scroll of teleportation (39 gold).
  1151 | D:2      | Bought a scroll of teleportation for 39 gold pieces
  1499 | D:2      | 1499 ||| UPGRADING to +0 ring mail.
  1509 | D:2      | 1509 ||| DROPPING +0 robe.
  1510 | D:2      | 1510 ||| UPGRADING to +4 ring of protection.
  1511 | D:2      | 1511 ||| READING scroll labelled QEROURHERI.
  1512 | D:2      | 1512 ||| READING scroll labelled FAMISH JA TUUGH.
  1513 | D:2      | 1513 ||| READING scroll labelled GEMAAM DUMASM.
  1601 | D:3      | Reached skill level 4 in Ranged Weapons
  1601 | D:3      | Reached XP level 4. HP: 26/26 MP: 5/5
  1761 | D:3      | Reached skill level 1 in Armour
  1968 | D:3      | 1968 ||| Stepping ~*~*~tactically~*~*~ (outnumbered).
  1988 | D:3      | Reached XP level 5. HP: 30/30 MP: 6/6
  2009 | D:3      | HP: 6/30 [something (4)]
  2010 | D:3      | 2010 ||| READING scroll of teleportation.
  2012 | D:3      | HP: 2/30 [gnoll/+0 whip[a gnoll bouda] (3)]
  2012 | D:3      | Slain by a gnoll

Levels and vault maps discovered:
D:1:      scummos_arrival_checkerplants, layout_basic,
          shapermc_ecumenical_altar_ellora, interstate_on_off
D:2:      layout_basic, serial_shops, shop
D:3:      layout_loops_cross, chequers_serial_rivers_room_a,
          nicolae_grassy_gnolls

Skill      XL: |  1  2  3  4 |
---------------+-------------+-----
Ranged Weapons | 3 4 |  4.7
Fighting       | 2 |  2.0
Armour         | 1 |  1.0
Dodging        | |  1.5
Spellcasting   | |  1.0
Hexes          | |  2.6

Action                     |  1- 3 |  4- 6 || total
---------------------------+-------+-------++-------
   Fire: Sling             |   136 |    87 ||   223
    Use: Scroll            |     6 |     1 ||     7
 Armour: Robe              |    23 |       ||    23
         Ring mail         |    36 |    45 ||    81
  Dodge: Dodged            |    66 |    45 ||   111

Table legend:
 A = Non-vault XP
 B = Vault XP
 C = Vault XP percentage of total XP
 D = Non-vault monster count
 E = Vault monster count
 F = Vault count percentage of total count
                 A         B        C        D         E       F
            +---------+---------+-------+---------+---------+-------
      Total |     179 |       0 |   0.0 |      47 |       0 |   0.0
            +---------+---------+-------+---------+---------+-------
        D:1 |      14 |       0 |   0.0 |       8 |       0 |   0.0
        D:2 |      48 |       0 |   0.0 |      20 |       0 |   0.0
        D:3 |     117 |       0 |   0.0 |      19 |       0 |   0.0
            +---------+---------+-------+---------+---------+-------
